 Dungeon Crawl Stone Soup version 0.26-b1-32-g5d43845318 (webtiles) character file.

Game seed: 3718066843240358479

75387 salade2fruit the Fighter (level 15, 122/122 HPs)
             Began as an Octopode Ice Elementalist on Jan 7, 2021.
             Was a Plaything of Xom.
             Quit the game on level 1 of the Swamp on Jan 8, 2021.
             The game lasted 02:10:16 (36660 turns).

salade2fruit the Fighter (OpIE)                    Turns: 36660, Time: 02:10:17

Health: 122/122    AC:  9    Str:  9    XL:     15   Next: 50%
Magic:  5/26       EV: 27    Int: 28    God:    Xom [......]
Gold:   370        SH:  9    Dex: 21    Spells: 1/29 levels left

rFire    + . .     SeeInvis +   Q - +3 flail of Odedgheheang {vorpal, rElec rF+}
rCold    + . .     Faith    .   o - +3 warlock's mirror {reflect}
rNeg     . . .     Spirit   .   (helmet restricted)
rPois    +         Reflect  +   x - amulet of magic regeneration
rElec    +         Harm     .   q - +4 ring of protection
rCorr    .         Rampage  .   e - ring of willpower
Will     ++...                  N - +6 ring of intelligence
Stlth    +++++++...             T - ring of the Endless Expanse {Dex+6 Stlth+}
HPRegen  0.30/turn              O - +4 ring of evasion
MPRegen  0.45/turn              Z - ring of ice
                                c - ring of see invisible
                                B - ring of poison resistance

@: no status effects
A: almost no armour, stealthy swim, amphibious, 8 rings, constrict 8, beak,
iridescent scales 1, slimy green scales 1, camouflage 1, agile 1, fire
resistance 1, robust 1, gelatinous body 1
a: Renounce Religion


You were on level 1 of the Swamp.
You worshipped Xom.
You were a very special plaything of Xom.
You visited 5 branches of the dungeon, and saw 25 of its levels.
You also visited: Bailey.

You collected 3483 gold pieces.
You spent 3113 gold pieces at shops.

Inventory:

Hand Weapons
 Q - the +3 flail of Odedgheheang (weapon) {vorpal, rElec rF+}
   (You found it on level 6 of the Lair of Beasts)

   It inflicts extra damage upon your enemies.
   It protects you from fire.
   It insulates you from electricity.
Armour
 o - the +3 warlock's mirror (worn) {reflect}
   (You bought it in a shop on level 2 of the Orcish Mines)
Magical Staves
 K - an uncursed staff of conjuration
Jewellery
 c - a ring of see invisible (on tentacle)
 e - a ring of willpower (right tentacle)
 k - an uncursed ring of protection from cold
 n - an uncursed ring of fire
 p - an uncursed amulet of reflection
 q - a +4 ring of protection (left tentacle)
 w - an uncursed ring of stealth {unknown}
 x - an amulet of magic regeneration (around mantle)
 B - a ring of poison resistance (on tentacle)
 E - an uncursed amulet of the acrobat
 N - a +6 ring of intelligence (on tentacle)
 O - a +4 ring of evasion (on tentacle)
 T - the ring of the Endless Expanse (on tentacle) {Dex+6 Stlth+}
   (You found it on level 2 of the Lair of Beasts)

   [ring of stealth]

   It affects your dexterity (+6).
   It makes you more stealthy.
 Z - a ring of ice (on tentacle)
Wands
 y - a wand of digging (9)
 D - a wand of polymorph (16)
 F - a wand of acid (17)
 G - a wand of iceblast (25)
 S - a wand of paralysis (11)
Scrolls
 d - 9 scrolls of magic mapping
 g - 16 scrolls of remove curse
 m - 3 scrolls of amnesia
 r - 12 scrolls of teleportation
 t - 6 scrolls of blinking
 v - 4 scrolls of enchant weapon
 z - 3 scrolls of fog
 C - a scroll of fear
 H - 2 scrolls of enchant armour
 L - 3 scrolls of identify
 U - a scroll of immolation
 Y - a scroll of holy word
Potions
 a - 5 potions of resistance
 b - 5 potions of might
 f - 9 potions of curing
 h - 6 potions of haste
 i - 5 potions of attraction
 j - 3 potions of mutation
 l - 3 potions of brilliance
 s - 4 potions of magic
 u - 7 potions of ambrosia
 I - 3 potions of heal wounds
 J - 4 potions of cancellation
 P - a potion of berserk rage
 R - 2 potions of flight
Miscellaneous
 M - a phial of floods
 W - a condenser vane


   Skills:
 - Level 13.4 Fighting
 - Level 2.8 Long Blades
 - Level 11.2 Dodging
 - Level 10.0 Stealth
 - Level 4.0 Shields
 - Level 7.7 Spellcasting
 - Level 6.0 Conjurations
 - Level 7.0 Summonings
 + Level 11.0 Ice Magic
 + Level 8.6 Air Magic
 + Level 8.2 Evocations


You had one spell level left.
You knew the following spells:

 Your Spells              Type           Power        Failure   Level
a - Freeze                Ice            100%         1%          1
d - Ozocubu's Armour      Ice            83%          1%          3
e - Hailstorm             Conj/Ice       73%          1%          4
f - Freezing Cloud        Conj/Ice/Air   36%          22%         6
q - Mephitic Cloud        Conj/Pois/Air  38%          1%          3
r - Frozen Ramparts       Ice            100%         1%          3
t - Summon Lightning Spi  Summ/Air       53%          1%          4
z - Summon Ice Beast      Ice/Summ       75%          1%          4

Your spell library contained the following spells:

 Spells                   Type           Power        Failure   Level
 Summon Small Mammal      Summ           100%         1%          1
 Beastly Appendage        Tmut           20%          4%          1
 Corona                   Hex            11%          4%          1
 Sting                    Tmut/Pois      40%          4%          1
 Call Imp                 Summ           50%          1%          2
 Ensorcelled Hibernation  Hex/Ice        100%         1%          2
 Poisonous Vapours        Pois/Air       70%          1%          2
 Call Canine Familiar     Summ           50%          1%          3
 Summon Guardian Golem    Hex/Summ       30%          3%          3
 Conjure Flame            Conj/Fire      27%          4%          3
 Dazzling Flash           Conj/Hex       54%          4%          3
 Ice Form                 Ice/Tmut       58%          5%          4
 Slow                     Hex            10%          8%          2
 Wereblood                Tmut           10%          8%          2
 Confusing Touch          Hex            10%          16%         3
 Ignite Poison            Fire/Tmut/Pois 10%          16%         3
 Inner Flame              Hex/Fire       10%          16%         3
 Portal Projectile        Hex/Tloc       20%          16%         3
 Spider Form              Tmut/Pois      5%           16%         3
 Tukima's Dance           Hex            10%          16%         3
 Cause Fear               Hex            5%           45%         4
 Leda's Liquefaction      Hex/Erth       5%           45%         4
 Olgreb's Toxic Radiance  Pois           10%          45%         4
 Blade Hands              Tmut           5%           80%         5


Dungeon Overview and Level Annotations

Branches:
Dungeon (15/15)            Temple (1/1) D:4            Lair (6/6) D:8
  Swamp (1/4) Lair:4       Spider (0/4) Lair:3        Slime (0/5) Lair:6
    Orc (2/2) D:9             Elf (0/3) Orc:2        Vaults (0/5) D:13
 Depths (0/5) D:15         Bailey (visited)

Altars:
Ashenzari
Cheibriados
Dithmenos
Elyvilon
Fedhas
Gozag
Hepliaklqana
Kikubaaqudgha
Nemelex Xobeh
Okawaru
Qazlal
Ru
Sif Muna
Trog
Uskayaw
Vehumet
Wu Jian
Xom
Yredelemnul
Zin
The Shining One
Beogh

Shops:
D:6 :   D:12 *[=(}   Orc:2 *[(?

Portals:
Trove: D:15 (give 18 potions of curing)

Annotations:
D:5 1 runed translucent door, Crazy Yiuf
D:6 3 runed translucent doors, Goblin1989's ghost, novice DsBr
D:10 Fannar
Lair:2 exclusion: oklob plant


Innate Abilities, Weirdness & Mutations

You cannot wear most types of armour.
You are very stealthy in the water. (Stealth+)
You are amphibious.
You can wear up to eight rings at the same time.
You can use your tentacles to constrict eight enemies at once.
Your skin changes colour to match your surroundings (Stealth+).
Your rubbery body absorbs attacks. (AC +1, EV +1)
You have a beak for a mouth.
You are partially covered in iridescent scales. (AC +2)
You are partially covered in slimy green scales. (AC +2)
You are agile. (Dex +2)
Your flesh is heat resistant. (rF+)
You are robust. (+10% HP)


Message History

The will-o-the-wisp blinks!
The swamp dragon breathes poison at your lightning spire.
The blast of poison engulfs your lightning spire.
Your lightning spire completely resists.
Your lightning spire shoots out a bolt of lightning at the swamp dragon!
The bolt of electricity hits the swamp dragon!
The swamp dragon dies!
The swamp dragon scales are intact enough to wear.
Unknown command.
The foxfire hits your lightning spire.
Your lightning spire resists.
The spriggan druid gestures wildly while chanting.
The forest starts to sway and rumble!
The shambling mangrove is engulfed in freezing vapours.
Unknown command.
Save game and exit?
Welcome back, salade2fruit the Octopode Ice Elementalist.
Xom snickers.
Press ? for a list of commands and other information.
Are you sure you want to abandon this character and quit the game? (Confirm with "yes".)

≈≈$...≈.≈..
≈≈..........
♣♣.≈.≈.≈....≈
♣♣.i..≈.≈.....
♣≈.≈..≈.♣♣§§..
♣.≈≈≈.☼○☼§..♣v
♣....§8Y.§§..
♣.†.§○°§§§≈.
♣..☼@...f♣.≈
♣♣.≈♣....♣
♣♣...○♣♣.♣♣
♣.≈≈.♣♣ ♣♣
♣♣.♣♣♣ ♣♣ ♣..♣♣
≈♣♣♣ ♣♣.♣.♣
≈≈≈♣♣ ♣♣♣♣.[..♣
.≈..♣♣♣♣.♣...♣.♣


You could see a shambling mangrove, a spriggan druid, a will-o-the-wisp, a
friendly ice beast (summoned) and a friendly lightning spire (summoned).

Vanquished Creatures
  2 orc warlords
  The ghost of xxadam the Grappler, a journeyman TrBe of Trog (Lair:2)
  A rakshasa (D:15)
  3 hydras
  A centaur warrior (D:15)
  A boulder beetle (Lair:4)
  4 two-headed ogres
  A catoblepas (Lair:6)
  2 death yaks (Lair:6)
  2 ogre magi
  A deep troll shaman (Lair:6)
  Urug (Lair:1)
  A skeletal warrior (D:15)
  A lindwurm (Lair:6)
  An orc knight (Bailey)
  A deep elf mage (D:13)
  A manticore (D:13)
  3 orc sorcerers
  A cyclops (D:13)
  2 stone giant skeletons (D:15)
  2 black mambas
  4 elephants
  A torpor snail (Lair:4)
  5 cane toads
  2 gargoyles
  4 komodo dragons
  A freezing wraith (D:15)
  A tengu conjurer (D:15)
  A hornet (D:15)
  2 trolls
  A meliai (D:15)
  A queen bee (Lair:2)
  2 polar bears (Lair:6)
  An ice dragon zombie (D:15)
  8 blink frogs
  6 slime creatures (D:13)
  A centaur simulacrum (D:12)
  A wraith (D:15)
  36 yaks
  A wyvern (D:8)
  2 hogs (Lair:5)
  A basilisk (Lair:4)
  A steam dragon (D:14)
  A warg (D:8)
  3 vampire mosquitoes (D:15)
  3 acid dragons (D:13)
  9 water moccasins
  38 orc warriors
  2 ice beasts
  3 phantoms
  6 sky beasts
  3 black bears
  A hornet zombie (D:13)
  8 ogres
  A necrophage (D:11)
  24 wolves
  14 centaurs
  A big kobold (D:10)
  14 bullfrogs
  A gnoll sergeant (D:11)
  5 scorpions
  22 killer bees
  7 wights
  2 howler monkeys (D:7)
  A quasit (D:15)
  3 bullfrog zombies
  2 centaur skeletons
  5 hounds
  19 orc priests
  A gnoll shaman (D:10)
  A jelly (D:5)
  4 bullfrog skeletons
  6 iguanas
  28 orc wizards
  3 hell rats (Lair:2)
  13 worker ants
  A hound skeleton (D:4)
  9 adders
  16 gnolls
  4 shadow imps
  A white imp (D:5)
  3 ufetubi
  2 oozes
  An adder skeleton (D:5)
  A worm (D:3)
  2 dart slugs
  4 leopard geckos
  110 orcs
  2 ball pythons
  5 bats
  3 giant cockroaches
  4 goblins
  5 hobgoblins
  6 jackals
  11 kobolds
  4 quokkas
  6 frilled lizards
  A jackal skeleton (D:6)
  A leopard gecko zombie (D:7)
  A quokka skeleton (D:9)
  A quokka zombie (D:8)
  2 rats
576 creatures vanquished.

Vanquished Creatures (collateral kills)
  Kirke (Lair:5)
  Louise (Swamp:1)
  A juggernaut zombie (D:15)
  An eleionoma (Swamp:1)
  The ghost of PeterLawrence the Basher, a journeyman MiFi of Okawaru (Lair:2)
  4 hydras
  A boulder beetle (Lair:2)
  2 centaur warriors (D:13)
  A death knight (D:13)
  An alligator (Swamp:1)
  A tengu warrior (D:15)
  3 death yaks (Lair:6)
  An orc high priest (Orc:2)
  A vampire mage (D:15)
  A skeletal warrior (D:15)
  2 bog bodies
  A swamp dragon (Swamp:1)
  A necromancer (D:15)
  2 ugly things
  2 orc knights
  A salamander (shapeshifter) (D:8)
  A cyclops (D:15)
  A centaur zombie (D:15)
  7 elephants
  Psyche (D:8)
  A water nymph (shapeshifter) (D:13)
  Maggie (D:9)
  2 torpor snails (Lair:4)
  A centaur skeleton (D:14)
  A gargoyle (D:11)
  2 black mambas
  6 cane toads
  A rime drake (Lair:6)
  5 komodo dragons
  A tengu conjurer (D:15)
  2 meliai (D:15)
  2 polar bears
  7 trolls
  3 blink frogs (Lair:4)
  3 slime creatures (D:14)
  A centaur simulacrum (D:15)
  A vampire (D:15)
  A human (D:9)
  21 yaks
  A water elemental (D:14)
  A wyvern (D:12)
  5 basilisks
  A steam dragon (D:8)
  A vampire mosquito (D:15)
  6 wargs
  5 water moccasins
  4 black bears
  14 orc warriors
  An ice beast (D:13)
  A sky beast (D:13)
  3 ogres
  5 wolves
  7 centaurs
  3 bullfrogs
  3 killer bees (D:8)
  4 wights
  4 electric eels
  A quasit (D:12)
  A hound (D:8)
  2 jellies (Lair:6)
  15 orc priests
  10 orc wizards
  2 hell rats (Lair:2)
  A worker ant zombie (D:8)
  3 adders
  A shadow imp (D:8)
  3 oozes (Lair:6)
  A leopard gecko (D:10)
  31 orcs
  3 goblins
245 creatures vanquished.

Vanquished Creatures (others)
  A manticore (D:13)
  A blink frog (Lair:6)
  A warg (Orc:2)
  An orc wizard (Orc:2)
  A jackal (D:3)
  A rat (D:3)
  6 foxfires (Swamp:1)
  27 fungi
  38 plants
  21 withered plants
98 creatures vanquished.

Grand Total: 919 creatures vanquished

Notes
Turn   | Place    | Note
-------+----------+-------------------------------------------
     0 | D:1      | salade2fruit the Octopode Ice Elementalist began the quest
                  | for the Orb.
     0 | D:1      | Reached XP level 1. HP: 11/11 MP: 3/3
   284 | D:1      | Reached XP level 2. HP: 17/17 MP: 5/5
  1149 | D:2      | Reached XP level 3. HP: 13/21 MP: 2/6
  1598 | D:2      | Found a sparkling altar of Nemelex Xobeh.
  2199 | D:3      | Learned a level 3 spell: Frozen Ramparts
  2220 | D:3      | Learned a level 3 spell: Ozocubu's Armour
  2275 | D:3      | Reached XP level 4. HP: 27/27 MP: 8/8
  2664 | D:3      | Found a glowing golden altar of the Shining One.
  2950 | D:3      | Reached XP level 5. HP: 31/31 MP: 7/9
  2998 | D:3      | Found a basalt altar of Yredelemnul.
  3122 | D:4      | Found a staircase to the Ecumenical Temple.
  3126 | Temple   | Entered the Ecumenical Temple
  3298 | D:4      | Reached skill level 5 in Stealth
  3298 | D:4      | Reached skill level 5 in Ice Magic
  3602 | D:4      | Reached XP level 6. HP: 35/36 MP: 7/11
  4180 | D:4      | Found an ornate altar of the Wu Jian Council.
  4262 | D:5      | Entered Level 5 of the Dungeon
  4317 | D:5      | Noticed a phantom
  5678 | D:5      | Found a hazy altar of Hepliaklqana.
  5694 | D:5      | Reached XP level 7. HP: 15/42 MP: 9/13
  5931 | D:5      | Found a runed translucent door.
  5932 | D:5      | Noticed Crazy Yiuf
  6104 | D:6      | Reached skill level 1 in Fighting
  6190 | D:6      | Reached skill level 2 in Fighting
  6366 | D:6      | Found a runed translucent gate.
  6366 | D:6      | Found a runed translucent gate.
  6372 | D:6      | Found a runed translucent gate.
  6427 | D:6      | Found a blossoming altar of Fedhas.
  6557 | D:6      | Found Byrorph's Book Emporium.
  6675 | D:6      | Noticed Goblin1989's ghost (novice DsBr)
  6732 | D:6      | Reached skill level 3 in Fighting
  6732 | D:6      | Reached skill level 5 in Spellcasting
  6732 | D:6      | Reached XP level 8. HP: 48/52 MP: 9/15
  6869 | D:7      | Learned a level 4 spell: Summon Ice Beast
  7060 | D:7      | Reached skill level 1 in Summonings
  7157 | D:7      | Found a shimmering altar of Xom.
  7162 | D:7      | Became a worshipper of Xom the Elder Chaos God
  7533 | D:7      | XOM: potion effect (haste)
  7965 | D:7      | Found a shadowy altar of Dithmenos.
  8239 | D:8      | XOM: confusion
  8242 | D:8      | Reached skill level 4 in Fighting
  8283 | D:8      | XOM: 2-stop teleportation journey
  8431 | D:8      | XOM: polymorph bullfrog -> steam dragon
  8441 | D:8      | Noticed a wyvern
  8475 | D:8      | Killed a wyvern
  8476 | D:8      | Reached XP level 9. HP: 59/59 MP: 8/16
  8629 | D:8      | XOM: summons 4 hostile shadow creatures
  8841 | D:7      | Gained mutation: You are covered in fur. (AC +1) [potion of
                  | mutation]
  8841 | D:7      | Gained mutation: One of your tentacles bears a spike.
                  | [potion of mutation]
  8842 | D:7      | Reached skill level 9 in Fighting
  8842 | D:7      | Reached XP level 10. HP: 74/74 MP: 17/17
  9002 | D:8      | Found a shimmering altar of Xom.
  9010 | D:8      | Noticed Psyche
  9030 | D:8      | Killed Psyche
  9191 | D:8      | Found an iron altar of Okawaru.
  9212 | D:8      | Found a shimmering altar of Xom.
  9212 | D:8      | Found a shimmering altar of Xom.
  9214 | D:8      | Found a shimmering altar of Xom.
  9300 | D:8      | XOM: 1-stop teleportation journey
  9339 | D:8      | Identified the cursed +0 scale mail "Cokix" {rC+ Int+2}
  9350 | D:8      | Found an opulent altar of Gozag.
  9394 | D:8      | Reached skill level 5 in Summonings
  9568 | D:8      | Found a staircase to the Lair.
  9930 | D:8      | XOM: give mutation
  9930 | D:8      | Gained mutation: You are robust. (+10% HP) [Xom's mischief]
 10339 | D:9      | XOM: chaos upgrade
 10343 | D:8      | XOM: polymorph orc warrior -> shapeshifter
 10344 | D:8      | Noticed a salamander
 10344 | D:8      | a shapeshifter changed into a salamander
 10346 | D:8      | XOM: confuse monster(s)
 10349 | D:8      | Killed a salamander
 10648 | D:9      | Found a radiant altar of Vehumet.
 10726 | D:9      | Found a staircase to the Orcish Mines.
 11116 | D:9      | Noticed Maggie
 11129 | D:9      | Killed Maggie
 11644 | D:9      | XOM is BORED!
 11644 | D:9      | XOM: draining
 11906 | Lair:1   | Entered Level 1 of the Lair of Beasts
 11939 | Lair:1   | Reached XP level 11. HP: 51/80 MP: 4/18
 11943 | Lair:1   | Reached skill level 10 in Fighting
 12248 | Lair:1   | XOM: divination: detect items
 12354 | Lair:1   | XOM: scenery: create altars
 12367 | Lair:1   | XOM: god gift: 40 gold pieces
 12592 | Lair:1   | XOM: god gift: 4 boomerangs
 12628 | Lair:1   | XOM: cloud trail
 12814 | Lair:1   | Noticed Urug
 12831 | Lair:1   | Killed Urug
 12914 | Lair:1   | XOM: 2-stop teleportation journey
 13006 | Lair:1   | Learned a level 4 spell: Hailstorm
 13321 | Lair:1   | XOM: scenery: create altars
 13364 | Lair:1   | Reached skill level 10 in Stealth
 14083 | Lair:2   | Found a runed translucent gate.
 14089 | Lair:2   | Found a runed translucent gate.
 14090 | Lair:2   | Found a runed translucent gate.
 14091 | Lair:2   | Noticed xxadam's ghost (journeyman TrBe)
 14091 | Lair:2   | Noticed PeterLawrence's ghost (journeyman MiFi)
 14120 | Lair:2   | XOM: summons friendly white imp
 14128 | Lair:2   | Reached skill level 1 in Long Blades
 14128 | Lair:2   | XOM: give mutation
 14128 | Lair:2   | Gained mutation: You are agile. (Dex +2) [Xom's grace]
 14133 | Lair:2   | XOM: potion effect (berserk rage)
 14160 | Lair:2   | XOM: 1-stop teleportation journey
 14289 | Lair:2   | XOM: god gift: 33 gold pieces
 14394 | Lair:1   | XOM is BORED!
 14536 | D:6      | Bought a book of Clouds for 540 gold pieces
 14540 | D:6      | Learned a level 3 spell: Conjure Flame
 14545 | D:6      | Learned a level 3 spell: Mephitic Cloud
 14671 | Lair:2   | XOM: scenery: summon butterflies
 14733 | Lair:2   | XOM: 5-stop teleportation journey
 14778 | Lair:2   | Noticed an oklob plant
 14778 | Lair:2   | Noticed a boulder beetle
 15051 | Lair:2   | XOM: smoke on damage
 15238 | Lair:2   | XOM: summons 2 hostile demons
 15543 | Lair:2   | XOM: scenery: create altars
 15566 | Lair:2   | Killed a boulder beetle
 15567 | Lair:2   | Reached skill level 1 in Air Magic
 15567 | Lair:2   | Reached XP level 12. HP: 80/97 MP: 7/21
 15796 | Lair:3   | Noticed a five-headed hydra
 15799 | Lair:3   | XOM: confuse monster(s)
 15812 | Lair:3   | Killed a five-headed hydra
 16058 | Lair:3   | XOM: polymorph ice beast -> sky beast
 16063 | Lair:3   | Reached skill level 11 in Fighting
 16135 | Lair:3   | XOM: divination: detect items
 16259 | Lair:3   | XOM: potion effect (invisibility)
 16302 | Lair:3   | Found a hole to the Spider Nest.
 16384 | Lair:3   | XOM: silly message
 16737 | Lair:3   | XOM: stat loss: -1 Dex (14/15)
 16745 | Lair:3   | Learned a level 6 spell: Freezing Cloud
 16753 | Lair:4   | Noticed a four-headed hydra
 16753 | Lair:4   | XOM: 1-stop teleportation journey
 16773 | Lair:4   | Reached skill level 1 in Conjurations
 17050 | Lair:4   | XOM: enchant monster (good)
 17306 | Lair:4   | XOM: enchant monster (good)
 17486 | Lair:4   | Killed a four-headed hydra
 17487 | Lair:4   | Noticed a boulder beetle
 17498 | Lair:4   | Killed a boulder beetle
 17662 | Lair:4   | Found a staircase to the Swamp.
 17667 | Lair:4   | XOM: repel stairs
 17688 | Lair:4   | XOM: 2-stop teleportation journey
 17723 | Lair:4   | XOM: god gift: great sword {god gift}
 18237 | Lair:4   | XOM: cloud trail
 18322 | Lair:4   | XOM: summons 1 hostile demon
 18427 | Lair:4   | Found a snail-covered altar of Cheibriados.
 18517 | Lair:4   | Reached skill level 5 in Air Magic
 18676 | Lair:5   | Reached XP level 13. HP: 99/104 MP: 20/22
 18884 | Lair:5   | XOM: noise
 19023 | Lair:5   | Noticed Kirke
 19030 | Lair:5   | Reached skill level 5 in Conjurations
 19033 | Lair:5   | Killed Kirke
 19553 | Lair:6   | Entered Level 6 of the Lair of Beasts
 19636 | Lair:6   | XOM: divination: detect items
 19679 | Lair:6   | XOM: 1-stop teleportation journey
 19857 | Lair:6   | XOM: 1-stop teleportation journey
 19867 | Lair:6   | Got a twisted flail
 19868 | Lair:6   | Identified the cursed +3 flail of Odedgheheang {vorpal,
                  | rElec rF+} (You found it on level 6 of the Lair of Beasts)
 20367 | Lair:6   | XOM: enchant monster (bad)
 20370 | Lair:6   | XOM: 1-stop teleportation journey
 20408 | Lair:6   | Reached skill level 12 in Fighting
 20410 | Lair:6   | Reached skill level 10 in Dodging
 20620 | Lair:6   | Found a staircase to the Slime Pits.
 20851 | Lair:6   | XOM: summons friendly white imp
 20855 | Lair:6   | XOM: butterfly on damage
 20862 | Lair:6   | XOM: enchant monster (good)
 20864 | Lair:6   | XOM: destruction
 21080 | Lair:6   | XOM: summons 3 friendly demons
 21083 | Lair:6   | XOM: enchant monster (bad)
 21442 | Lair:6   | XOM: give mutations
 21442 | Lair:6   | Lost mutation: You are agile. (Dex +2) [Xom's mischief]
 21442 | Lair:6   | Gained mutation: Your body sometimes deteriorates upon
                  | taking damage. [Xom's mischief]
 21848 | Lair:6   | XOM: divination: detect creatures
 21858 | Lair:6   | XOM: scenery: create altars
 21882 | Lair:6   | XOM: give mutations
 21882 | Lair:6   | Gained mutation: You are partially covered in slimy green
                  | scales. (AC +2) [Xom's grace]
 21882 | Lair:6   | Gained mutation: Your flesh is heat resistant. (rF+) [Xom's
                  | grace]
 21966 | Lair:6   | XOM: fake destruction
 21974 | Lair:6   | XOM: noise
 22038 | Lair:6   | XOM: divination: detect creatures
 22054 | Lair:6   | XOM: divination: magic mapping
 22495 | Lair:2   | XOM: confuse monster(s)
 22502 | Lair:2   | XOM: cast spell 'Discord'
 22519 | Lair:2   | Killed PeterLawrence's ghost
 22598 | Lair:2   | Got a scorched turquoise ring
 22599 | Lair:2   | Identified the ring of the Endless Expanse {Dex+6 Stlth+}
                  | (You found it on level 2 of the Lair of Beasts)
 22636 | Lair:2   | XOM: butterfly on damage
 22645 | Lair:2   | XOM: noise
 22972 | Orc:1    | Entered Level 1 of the Orcish Mines
 22973 | Orc:1    | XOM: smoke on damage
 23264 | Orc:2    | Entered Level 2 of the Orcish Mines
 23264 | Orc:2    | Found a bloodstained altar of Trog.
 23584 | Orc:2    | Found a roughly hewn altar of Beogh.
 23589 | Orc:2    | Reached skill level 1 in Evocations
 23632 | Orc:2    | XOM: give mutations
 23632 | Orc:2    | Gained mutation: Your magical capacity is low. (-10% MP)
                  | [Xom's mischief]
 23632 | Orc:2    | Lost mutation: You are robust. (+10% HP) [Xom's mischief]
 23632 | Orc:2    | Gained mutation: You occasionally shout uncontrollably at
                  | your foes. [Xom's mischief]
 23632 | Orc:2    | Lost mutation: One of your tentacles bears a spike. [Xom's
                  | mischief]
 23738 | Orc:2    | Found Zouzab's Assorted Antiques.
 23743 | Orc:2    | Bought a twisted coral ring for 115 gold pieces
 23743 | Orc:2    | Bought a potion of curing for 69 gold pieces
 23779 | Orc:2    | Found a roughly hewn altar of Beogh.
 23815 | Orc:2    | Found a staircase to the Elven Halls.
 23867 | Orc:2    | Noticed an orc warlord
 23904 | Orc:2    | XOM: potion effect (brilliance)
 23906 | Orc:2    | XOM: divination: detect items
 24006 | Orc:1    | XOM: silly message
 24038 | Orc:1    | You fall into a shaft and drop 1 floor!
 24044 | Orc:2    | XOM: summons 3 hostile shadow creatures
 24093 | Orc:2    | XOM: 1-stop teleportation journey
 24185 | Orc:2    | Reached XP level 14. HP: 69/104 MP: 21/21
 24837 | Orc:1    | XOM: divination: detect items
 24864 | Orc:1    | XOM: cleaving
 24896 | Orc:1    | XOM: give mutations
 24896 | Orc:1    | Gained mutation: You are dopey. (Int -2) [Xom's mischief]
 24896 | Orc:1    | Gained mutation: You have a beak for a mouth. [Xom's
                  | mischief]
 24896 | Orc:1    | Gained mutation: You are very dopey. (Int -4) [Xom's
                  | mischief]
 25076 | Orc:2    | XOM: polymorph ice beast -> water moccasin
 25119 | Orc:2    | Found a roughly hewn altar of Beogh.
 25119 | Orc:2    | Found Roeculak's Magic Scroll Shoppe.
 25119 | Orc:2    | XOM: 2-stop teleportation journey
 25121 | Orc:2    | XOM: confusion (+ monsters)
 25129 | Orc:2    | Reached skill level 13 in Fighting
 25154 | Orc:2    | XOM: 9-stop teleportation journey
 25224 | Orc:2    | XOM: enchant monster (good)
 25225 | Orc:2    | XOM: confuse monster(s)
 25265 | Orc:2    | XOM: cleaving
 25563 | Orc:2    | XOM: give mutations
 25563 | Orc:2    | Gained mutation: You are robust. (+10% HP) [Xom's grace]
 25563 | Orc:2    | Gained mutation: You are very robust. (+20% HP) [Xom's
                  | grace]
 25563 | Orc:2    | Gained mutation: One of your tentacles bears a spike.
                  | [Xom's grace]
 25563 | Orc:2    | Gained mutation: You are strong-willed. (Will+) [Xom's
                  | grace]
 25710 | Orc:2    | XOM: give mutations
 25710 | Orc:2    | Gained mutation: You are partially covered in iridescent
                  | scales. (AC +2) [Xom's grace]
 25710 | Orc:2    | Gained mutation: You expend magic power (3 MP) to
                  | strengthen your wands. [Xom's grace]
 25710 | Orc:2    | Gained mutation: You are agile. (Dex +2) [Xom's grace]
 25710 | Orc:2    | Gained mutation: Your muscles are strong. (Str +2) [Xom's
                  | grace]
 25842 | Orc:2    | XOM: scenery: create altars
 25896 | Orc:2    | Noticed an orc warlord
 25929 | Orc:2    | XOM: divine lightning
 25938 | Orc:2    | XOM: divine lightning
 25969 | Orc:2    | XOM: divine lightning
 25973 | Orc:2    | Killed an orc warlord
 26206 | Orc:2    | Bought a scroll of teleportation for 48 gold pieces
 26275 | Orc:2    | Found Raafakol's Antique Weapon Shop.
 26276 | Orc:2    | Found a roughly hewn altar of Beogh.
 26292 | Orc:2    | Found Enocvack's Antique Armour Boutique.
 26657 | Orc:2    | Found a roughly hewn altar of Beogh.
 26718 | Orc:2    | Found a roughly hewn altar of Beogh.
 26728 | Orc:2    | XOM: fog
 26868 | Orc:2    | XOM: scenery: summon butterflies
 26936 | Orc:1    | XOM: noise
 26957 | Orc:1    | Killed an orc warlord
 27158 | Orc:1    | XOM: god gift: 35 gold pieces
 27229 | Orc:2    | Bought the +3 warlock's mirror {reflect} for 1280 gold
                  | pieces
 27229 | Orc:2    | Found the +3 warlock's mirror {reflect}
 27541 | D:10     | Entered Level 10 of the Dungeon
 27601 | D:10     | Found a flagged portal.
 27672 | Bailey   | Entered a bailey
 27681 | Bailey   | Reached skill level 1 in Shields
 27972 | D:10     | XOM: chaos upgrade
 28006 | D:10     | Found a blossoming altar of Fedhas.
 28123 | D:10     | XOM: god gift: scroll of fog
 28193 | D:10     | Noticed Fannar
 28201 | D:10     | XOM: swap monsters
 28409 | D:10     | XOM is BORED!
 28601 | D:10     | Found a glowing golden altar of the Shining One.
 28735 | D:11     | XOM: confuse monster(s)
 28945 | D:11     | XOM: cloud trail
 29005 | D:11     | XOM: enchant monster (bad)
 29028 | D:11     | XOM: god gift: 2 potions of mutation
 29131 | D:11     | XOM: 1-stop teleportation journey
 29301 | D:11     | Learned a level 4 spell: Summon Lightning Spire
 29525 | D:12     | Found Din Niklugg's Jewellery Boutique.
 29527 | D:12     | Bought an uncursed ring of ice for 250 gold pieces
 29527 | D:12     | Bought an uncursed ring of poison resistance for 200 gold
                  | pieces
 29527 | D:12     | Bought an uncursed ring of see invisible for 150 gold
                  | pieces
 29848 | D:12     | Found Etenwoal's Assorted Antiques.
 29851 | D:12     | Bought a scroll of fear for 115 gold pieces
 29851 | D:12     | Bought a scroll of teleportation for 99 gold pieces
 29851 | D:12     | Bought a scroll of blinking for 247 gold pieces
 29853 | D:12     | Found Laparetu's Antique Armour Shoppe.
 30136 | D:12     | XOM: give mutations
 30136 | D:12     | Lost mutation: Your body sometimes deteriorates upon taking
                  | damage. [Xom's mischief]
 30136 | D:12     | Lost mutation: Your muscles are strong. (Str +2) [Xom's
                  | mischief]
 30136 | D:12     | Lost mutation: You occasionally shout uncontrollably at
                  | your foes. [Xom's mischief]
 30136 | D:12     | Lost mutation: You are strong-willed. (Will+) [Xom's
                  | mischief]
 30343 | D:12     | Found Vuungir's Antique Weapon Emporium.
 30644 | D:12     | Reached skill level 5 in Evocations
 30657 | D:12     | Found Bifi's Gadget Emporium.
 30661 | D:12     | XOM: silly message
 30806 | D:13     | XOM: blink monster(s)
 30807 | D:13     | XOM: confuse monster(s)
 30833 | D:13     | Found a gate to the Vaults.
 30952 | D:13     | XOM: noise
 31256 | D:13     | XOM: potion effect (invisibility)
 31682 | D:13     | XOM: polymorph orc knight -> manticore
 31895 | D:13     | XOM: summons 3 hostile demons
 32008 | D:13     | XOM: god gift: ivory executioner's axe {god gift}
 32020 | D:13     | Got an ivory executioner's axe {god gift}
 32022 | D:13     | Identified the +2 executioner's axe "Ithru" {chaos, +Rage
                  | rElec Dex+3} (Xom gifted it to you on level 13 of the
                  | Dungeon)
 32055 | D:13     | XOM: polymorph ogre -> acid dragon
 32063 | D:13     | Reached skill level 10 in Ice Magic
 32258 | D:13     | XOM: god gift: 24 arrows
 32368 | D:13     | XOM: give mutations
 32368 | D:13     | Lost mutation: Your magical capacity is low. (-10% MP)
                  | [Xom's mischief]
 32368 | D:13     | Lost mutation: You are very dopey. (Int -4) [Xom's
                  | mischief]
 32368 | D:13     | Gained mutation: One of your tentacles bears a nasty spike.
                  | [Xom's mischief]
 32611 | D:13     | XOM: confuse monster(s)
 32736 | D:13     | XOM: potion effect (invisibility)
 32739 | D:13     | XOM: blink monster(s)
 32958 | D:13     | Reached XP level 15. HP: 62/133 MP: 26/26
 33095 | D:13     | XOM: cloud trail
 33284 | D:13     | XOM: give mutations
 33284 | D:13     | Lost mutation: One of your tentacles bears a nasty spike.
                  | [Xom's mischief]
 33284 | D:13     | Lost mutation: One of your tentacles bears a spike. [Xom's
                  | mischief]
 33611 | D:14     | XOM: polymorph ice beast -> fire bat
 33958 | D:15     | Entered Level 15 of the Dungeon
 34213 | D:15     | Found a staircase to the Depths.
 34216 | D:15     | XOM: confusion (+ monsters)
 34232 | D:15     | XOM: enchant monster (bad)
 34232 | D:15     | XOM: smoke on damage
 34253 | D:14     | XOM: summons 8 hostile demons
 34287 | D:14     | XOM: summons 1 hostile demon
 35064 | D:15     | XOM: summons 2 friendly demons
 35068 | D:15     | XOM: polymorph white imp -> crimson imp
 35686 | D:15     | Found a portal to a secret trove of treasure.
 35853 | D:15     | XOM: give mutation
 35853 | D:15     | Lost mutation: You are dopey. (Int -2) [Xom's mischief]
 36135 | D:15     | XOM: silly message
 36238 | D:13     | XOM: give mutations
 36238 | D:13     | Lost mutation: You are very robust. (+20% HP) [Xom's
                  | mischief]
 36238 | D:13     | Lost mutation: You expend magic power (3 MP) to strengthen
                  | your wands. [Xom's mischief]
 36238 | D:13     | Lost mutation: You are covered in fur. (AC +1) [Xom's
                  | mischief]
 36383 | Lair:2   | Killed xxadam's ghost
 36499 | Swamp:1  | Entered Level 1 of the Swamp
 36544 | Swamp:1  | Noticed Louise
 36569 | Swamp:1  | Killed Louise
 36660 | Swamp:1  | Quit the game

Illustrated notes

Levels and vault maps discovered:
D:1:      minmay_arrival_cross, layout_basic
D:2:      layout_loops_ring, nemelex_xobeh_ov_fountains_minmay
D:3:      layout_rooms, grunt_temple_overflow_holy_war, lemuel_old_faithful
D:4:      layout_loops_ring, lemuel_round_altar, minmay_temple_entry_steel_oval
D:5:      layout_cave_pools, nzn_hepliaklqana_mist_gate, uniq_crazy_yiuf_cottage
D:6:      layout_basic, kennysheep_mini, makhleb_heckhound_becter, serial_shops,
          shop, gammafunk_ghost_icy
D:7:      layout_loops_ring, kennysheep_little_box, grunt_dithmenos_shadows,
          nicolae_zen_rock_garden
D:8:      layout_cave_pods, okawaru_ov_weapons_minmay, grunt_gozag_statues,
          erik_lair_orcish_takeover, xom_redecorated, uniq_psyche
D:9:      layout_layer_cave, vehumet_altar_wand_db, erik_orc_4, uniq_maggie
D:10:     layout_loops_ring, enter_bailey_3, basic_altar,
          nicolae_tso_swordbearing_angel, uniq_fannar
D:11:     layout_small_grid
D:12:     layout_gridville, serial_shops, shop, shop, shop, shop,
          nicolae_shop_waterfront
D:13:     minmay_imperfect_grid, layout_basic
D:14:     layout_small_grid, minivault_14
D:15:     gammafunk_depths_entry_grave, layout_long_grid,
          chequers_serial_rivers_large_b, enter_trove_2, nicolae_wwwww
Temple:   compressed_dpeg_circular_temple
Lair:1:   layout_cave_pods, beast_lair_carwin_7, grunt_megastairs_3, uniq_urug
Lair:2:   layout_cave_pods, special_room [special_room_bee],
          gammafunk_ghost_cemetery, chequers_serial_rivers_micro_d,
          serial_bayou_shore_a, minmay_lair_oklob_chamber,
          infiniplex_staircase_pool_2
Lair:3:   layout_hall_layers, dummy_spider_entry, special_room
Lair:4:   layout_roguey, skrybe_swamp_entry_bodies, kennysheep_snail_temple,
          infiniplex_staircase_pool, grunt_megastairs_5
Lair:5:   layout_roguey, uniq_kirke
Lair:6:   grunt_lair_end_beastmaster, layout_long_grid,
          nicolae_slime_entry_slimehenge, gammafunk_lair_bear_cave,
          grunt_megastairs_4
Swamp:1:  layout_falls_marsh, nicolae_swamp_triple_paths, uniq_frances,
          uniq_louise
Orc:1:    layout_caves, nicolae_orc_crystal_geode
Orc:2:    grunt_orc_community_town_hall, layout_diamond_mine,
          grunt_orc_community_big_house_1, grunt_orc_community_big_house_2,
          grunt_orc_community_house_3, grunt_orc_community_house_3,
          grunt_orc_community_house_1, grunt_orc_community_house_3,
          grunt_orc_community_house_1, grunt_orc_community_house_2, basic_altar

Skill      XL: |  1  2  3  4  5  6  7  8  9 10 11 12 13 14 15 |
---------------+----------------------------------------------+-----
Stealth        | 3 4 5 6 7 8 10 | 10.0
Spellcasting   | 3 4 5 6 7 |  7.7
Ice Magic      | 5 6 7 9 10 11 | 11.0
Fighting       | 3 4 9 10 11 12 13 | 13.4
Summonings     | 4 6 7 |  7.0
Dodging        | 8 9 11 | 11.2
Long Blades    | 2 |  2.8
Air Magic      | 1 5 6 7 8 |  8.6
Conjurations   | 4 6 |  6.0
Evocations     | 1 6 8 |  8.2
Shields        | 4 |  4.0

Action                   |  1- 3 |  4- 6 |  7- 9 | 10-12 | 13-15 || total
-------------------------+-------+-------+-------+-------+-------++-------
Melee: Short sword       |     5 |       |       |       |       ||     5
       Constrict         |    20 |    22 |    20 |    72 |   130 ||   264
       Tentacles         |    13 |    24 |    28 |    55 |   180 ||   300
       Unarmed           |     2 |       |       |       |       ||     2
       Dagger            |    59 |   147 |   168 |    86 |       ||   460
       Kick              |       |       |       |    98 |   214 ||   312
       Broad axe         |       |       |       |    28 |       ||    28
       Double sword      |       |       |       |   150 |    34 ||   184
       Flail             |       |       |       |       |   671 ||   671
       Peck              |       |       |       |       |   142 ||   142
Throw: Dart              |     4 |     2 |       |       |       ||     6
       Javelin           |       |     6 |    12 |     2 |       ||    20
 Cast: Freeze            |    10 |     8 |    16 |     4 |       ||    38
       Frozen Ramparts   |       |    12 |    28 |    50 |    70 ||   160
       Ozocubu's Armour  |       |     2 |    17 |    35 |    35 ||    89
       Summon Ice Beast  |       |       |       |   109 |   222 ||   331
       Hailstorm         |       |       |       |    15 |    87 ||   102
       Mephitic Cloud    |       |       |       |     8 |    28 ||    36
       Summon Lightning  |       |       |       |       |    49 ||    49
       Freezing Cloud    |       |       |       |       |     3 ||     3
Evoke: Wand              |       |       |       |       |    12 ||    12
  Use: Scroll            |     4 |     4 |     6 |     8 |    13 ||    35
       Potion            |       |       |     2 |     6 |     4 ||    12
 Stab: Sleeping          |    11 |    11 |     6 |     9 |    18 ||    55
       Distracted        |       |       |       |     3 |    10 ||    13
       Confused          |       |       |       |     3 |     3 ||     6
       Invisible         |       |       |       |     3 |     2 ||     5
Armor: Skin              |     5 |    26 |    52 |    67 |   148 ||   298
Dodge: Dodged            |    39 |    78 |    99 |   334 |   935 ||  1485
Block: Other             |       |       |       |       |     3 ||     3
       Buckler           |       |       |       |       |   217 ||   217
       Reflection        |       |       |       |       |    37 ||    37
       Rpst.: Double sword |       |       |       |    64 |    19 ||    83
